[Event "Cracovia Festival-A 2023"]
[Site "Krakow"]
[Date "2024.01.03"]
[Round "8.31"]
[White "Loftgaard, Mikkel Vinh"]
[Black "Gkavardinas, Antonios"]
[Result "1/2-1/2"]
[ECO "B12"]
[WhiteElo "2322"]
[BlackElo "2141"]
[Annotator "RC"]
[PlyCount "206"]
[EventDate "2023.12.24"]
[EventType "swiss"]
[EventCountry "POL"]
[SourceTitle "playchess.com"]
[Source "ChessBase"]
[SourceQuality "1"]
[TimeControl "40/5400+30:1800+30"]

1. e4 c6 2. d4 d5 3. e5 Bf5 4. Nd2 e6 5. Nb3 Nd7 6. Nf3 Ne7 7. Be2 Nc8 8. O-O Be7 9. a4 O-O 10. a5 a6 11. Be3 Na7 12. Ne1 Nb5 13. g4 Bg6 14. f4 f5 15. g5 Rc8 16. Nd3 Qc7 17. c3 Rfd8 18. Bh5 Bxh5 19. Qxh5 Nf8 20. Rf3 Qd7 21. Nbc5 Bxc5 22. Nxc5 Qe7 23. Kf2 Rc7 24. Rg3 Qf7 25. Qf3 Qg6 26. Ke2 Nd7 27. Nb3 Kf7 28. h4 Kg8 29. Bf2 Rdc8 30. h5 Qe8 31. g6 h6 32. Kd3 c5 33. Nxc5 Nxc5+ 34. dxc5 Rxc5 35. Bxc5 Rxc5 36. Kd2 Rc4 37. b3 Rc7 38. Qf2 Qc6 39. Qb6 Nxc3 40. Qxc6 Ne4+ 41. Kd1 bxc6 42. Rg2 Rb7 43. Rc2 c5 44. Rac1 Rb5 45. b4 c4 46. Rxc4 dxc4 47. Rxc4 Rb8 48. Rc7 Ng3 49. b5 axb5 50. a6 Ra8 51. a7 Kf8 52. Rf7+ Ke8 53. Rxg7 Kf8 54. Rf7+ Kg8 55. Kd2 Nxh5 56. Ke3 Ng7 57. Rb7 Ne8 58. Kd4 b4 59. Kc4 h5 60. Kxb4 h4 61. Kb5 h3 62. Kb6 h2 63. Rh7 Nc7 64. Rxh2 Nd5+ 65. Kb7 Rxa7+ 66. Kxa7 Nxf4 67. Kb6 Nxg6 68. Kc6 Nxe5+ 69. Kd6 Ng4 70. Re2 Kf7 71. Rxe6 f4 72. Re4 Kg6 73. Rxf4 Kg5 74. Rf8 Nf6 75. Ke6 Ng4 76. Ra8 Ne3 77. Ra5+ Kf4 78. Ra4+ Kg5 79. Ke5 Ng4+ 80. Ke4 Nf6+ 81. Kf3 Kf5 82. Ra5+ Ke6 83. Ke3 Nd5+ 84. Kd4 Nf6 85. Re5+ Kd6 86. Re1 Nd7 87. Rh1 Ke6 88. Re1+ Kd6 89. Re2 Nf6 90. Ra2 Ke6 91. Ra5 Ng4 92. Ra6+ Kf5 93. Ra1 Nf6 94. Re1 Ng4 95. Rf1+ Ke6 96. Ra1 Nf6 97. Ra6+ Kf5 98. Ra5+ Ke6 99. Re5+ Kd6 100. Re1 Nd7 101. Ke4 Ke6 102. Ra1 Nf6+ 103. Kd4 Kf5 1/2-1/2

[Event "Cracovia Festival-A 2023"]
[Site "Krakow"]
[Date "2024.01.03"]
[Round "8.32"]
[White "Berin, Artem"]
[Black "Warchol, Kamil"]
[Result "1-0"]
[ECO "E46"]
[WhiteElo "2321"]
[BlackElo "2108"]
[Annotator "RC"]
[PlyCount "153"]
[EventDate "2023.12.24"]
[EventType "swiss"]
[EventCountry "POL"]
[SourceTitle "playchess.com"]
[Source "ChessBase"]
[SourceQuality "1"]
[TimeControl "40/5400+30:1800+30"]

1. d4 Nf6 2. c4 e6 3. Nc3 Bb4 4. e3 O-O 5. Bd2 b6 6. Nf3 Bb7 7. Bd3 d5 8. cxd5 exd5 9. Rc1 a6 10. Ne5 Nbd7 11. O-O Nxe5 12. dxe5 Bxc3 13. Bxc3 Ne4 14. Be1 Qe7 15. Qc2 Qxe5 16. Qxc7 Qxc7 17. Rxc7 Nc5 18. Bb4 Rfc8 19. Rxc8+ Rxc8 20. Bf5 Ne6 21. Bc3 Rd8 22. Rd1 Bc6 23. f3 Bb7 24. Kf2 h6 25. h4 Kf8 26. h5 Bc8 27. Bb4+ Ke8 28. Bc2 Bb7 29. Ba4+ b5 30. Bb3 Ba8 31. a4 Bc6 32. axb5 axb5 33. Ra1 Ra8 34. Rxa8+ Bxa8 35. Bc2 Bb7 36. Bc3 f6 37. Bf5 Kf7 38. Bg6+ Kg8 39. Be8 Nc7 40. Bd7 Kf7 41. Bb4 d4 42. e4 Ba6 43. Bd6 Ne6 44. Bc6 Nd8 45. Bd5+ Ke8 46. Bc5 Bc8 47. Bxd4 Kd7 48. Ke2 Ne6 49. Be3 Kd6 50. Kd3 f5 51. Kc3 Bd7 52. Kb4 Be8 53. Bb7 f4 54. Bd2 Bxh5 55. Kxb5 g5 56. Bb4+ Kd7 57. Bc6+ Kc8 58. Kc4 g4 59. fxg4 Bxg4 60. Kd5 Nd8 61. Be8 f3 62. gxf3 Bxf3 63. Bg6 Kd7 64. Bf5+ Ke8 65. Be1 Bh5 66. b4 Bf7+ 67. Kd6 Bc4 68. Kc7 Nf7 69. Bd7+ Kf8 70. b5 Bd3 71. Bc6 Ne5 72. Bb4+ Kf7 73. Bd5+ Kg6 74. b6 Ba6 75. Bd6 Kf6 76. Bxe5+ Kxe5 77. Bc4 1-0

[Event "Cracovia Festival-A 2023"]
[Site "Krakow"]
[Date "2024.01.03"]
[Round "8.33"]
[White "Janeczko, Jakub"]
[Black "Kazantzoglou, Stefanos"]
[Result "1-0"]
[ECO "C28"]
[WhiteElo "2283"]
[BlackElo "2152"]
[Annotator "RC"]
[PlyCount "39"]
[EventDate "2023.12.24"]
[EventType "swiss"]
[EventCountry "POL"]
[SourceTitle "playchess.com"]
[Source "ChessBase"]
[SourceQuality "1"]
[TimeControl "40/5400+30:1800+30"]

1. e4 e5 2. Nc3 Nf6 3. Bc4 Nc6 4. d3 Na5 5. Qf3 Bb4 6. Nge2 Nxc4 7. dxc4 O-O 8. O-O d6 9. Bg5 Be6 10. Nd5 Bxd5 11. cxd5 h6 12. Bxf6 Qxf6 13. Qxf6 gxf6 14. Ng3 Kh7 15. Rfd1 Kg6 16. Nf5 Rae8 17. Rd3 Rg8 18. c3 Bc5 19. Rh3 h5 20. Rd1 1-0

[Event "Cracovia Festival-A 2023"]
[Site "Krakow"]
[Date "2024.01.03"]
[Round "8.34"]
[White "Ramirez Garcia, Jorge Alberto"]
[Black "Jedraszek, Pawel"]
[Result "1-0"]
[ECO "C55"]
[WhiteElo "2249"]
[BlackElo "2124"]
[Annotator "RC"]
[PlyCount "97"]
[EventDate "2023.12.24"]
[EventType "swiss"]
[EventCountry "POL"]
[SourceTitle "playchess.com"]
[Source "ChessBase"]
[SourceQuality "1"]
[TimeControl "40/5400+30:1800+30"]

1. e4 e5 2. Nf3 Nc6 3. d4 exd4 4. Bc4 Nf6 5. e5 d5 6. Bb5 Ne4 7. Nxd4 Bd7 8. Bxc6 bxc6 9. O-O Bc5 10. f3 Ng5 11. f4 Ne4 12. Be3 Qe7 13. Nd2 Nxd2 14. Qxd2 O-O 15. Nb3 Bb6 16. Rae1 Bf5 17. Qc3 Qd7 18. Bc5 Rfe8 19. Nd4 Be4 20. Re3 f6 21. e6 Rxe6 22. Nxe6 Qxe6 23. Rf2 Rd8 24. Qd4 Kf7 25. c3 Rb8 26. b4 a5 27. h3 f5 28. a4 Qf6 29. Bxb6 cxb6 30. Rb2 axb4 31. Qxf6+ Kxf6 32. Rxb4 Ke6 33. c4 dxc4 34. Rxc4 c5 35. a5 bxa5 36. Rxc5 Ra8 37. Ra3 a4 38. Rc4 Kf6 39. Rcxa4 Rd8 40. Ra6+ Kf7 41. Ra7+ Kg8 42. Rg3 g6 43. Rc3 Rb8 44. Rcc7 Bd5 45. Rxh7 Rb2 46. Rhg7+ Kh8 47. Rh7+ Kg8 48. Rag7+ Kf8 49. Rxg6 1-0

[Event "Cracovia Festival-A 2023"]
[Site "Krakow"]
[Date "2024.01.03"]
[Round "8.35"]
[White "Zarnowski, Krzysztof"]
[Black "Wojdak, Jan"]
[Result "1/2-1/2"]
[ECO "D76"]
[WhiteElo "2114"]
[BlackElo "2219"]
[Annotator "RC"]
[PlyCount "177"]
[EventDate "2023.12.24"]
[EventType "swiss"]
[EventCountry "POL"]
[SourceTitle "playchess.com"]
[Source "ChessBase"]
[SourceQuality "1"]
[TimeControl "40/5400+30:1800+30"]

1. d4 Nf6 2. Nf3 g6 3. g3 Bg7 4. Bg2 O-O 5. c4 d5 6. cxd5 Nxd5 7. O-O Nb6 8. Qc2 Nc6 9. Rd1 a5 10. Bf4 Bf5 11. Qc1 Nd5 12. Nc3 Nxf4 13. Qxf4 Qd6 14. Rac1 Qxf4 15. gxf4 Rfd8 16. e3 Rac8 17. a3 Bg4 18. Na4 Nb8 19. Rd3 Nd7 20. Rdc3 c6 21. Nd2 Be6 22. Nb3 b5 23. Nac5 Nxc5 24. Nxc5 b4 25. R3c2 Bf5 26. Rd2 bxa3 27. bxa3 g5 28. fxg5 e5 29. Nb7 Rd7 30. Rxc6 Rb8 31. Rb6 exd4 32. exd4 Rc7 33. h4 Bc8 34. Rb5 Bxb7 35. Rdb2 Bxd4 36. Rxb7 Rbxb7 37. Rxb7 Rc2 38. h5 Rxf2 39. Rb8+ Kg7 40. h6+ Kg6 41. Rd8 Rf4+ 42. Kh2 Kxg5 43. Rd5+ f5 44. Bh3 Bc3 45. Rc5 Rf2+ 46. Kg1 Bd4 47. Rxa5 Kh4 48. Rd5 Rd2+ 49. Kf1 Kxh3 50. Rxf5 Kg4 51. Rf7 Be3 52. Rxh7 Kf3 53. Rf7+ Bf4 54. Ke1 Rc2 55. Rd7 Bxh6 56. Rd8 Rc3 57. a4 Rc1+ 58. Rd1 Rc4 59. Rd8 Rxa4 60. Kd1 Rc4 61. Ke1 Rc7 62. Rd3+ Be3 63. Rd8 Rc1+ 64. Rd1 Rc8 65. Rd7 Ke4 66. Ke2 Rc2+ 67. Kd1 Rg2 68. Re7+ Kd3 69. Rd7+ Bd4 70. Re7 Rg8 71. Re6 Ra8 72. Rc6 Rf8 73. Re6 Rf1+ 74. Re1 Rf2 75. Re8 Ra2 76. Rc8 Rd2+ 77. Ke1 Rb2 78. Kd1 Rb7 79. Rc6 Rg7 80. Re6 Rg1+ 81. Re1 Rg2 82. Re8 Rg7 83. Re6 Ra7 84. Rc6 Ra2 85. Rc8 Rd2+ 86. Ke1 Rg2 87. Rf8 Re2+ 88. Kd1 Ra2 89. Rc8 1/2-1/2

[Event "Cracovia Festival-A 2023"]
[Site "Krakow"]
[Date "2024.01.03"]
[Round "8.36"]
[White "Hryharovich, Aliaksei"]
[Black "van der Merwe, Alexander"]
[Result "1/2-1/2"]
[ECO "D91"]
[WhiteElo "2195"]
[BlackElo "2113"]
[Annotator "RC"]
[PlyCount "130"]
[EventDate "2023.12.24"]
[EventType "swiss"]
[EventCountry "POL"]
[SourceTitle "playchess.com"]
[Source "ChessBase"]
[SourceQuality "1"]
[TimeControl "40/5400+30:1800+30"]

1. d4 Nf6 2. c4 g6 3. Nc3 d5 4. Nf3 Bg7 5. Bg5 Ne4 6. cxd5 Nxg5 7. Nxg5 e6 8. Nf3 exd5 9. e3 c6 10. Bd3 a5 11. O-O O-O 12. h3 Nd7 13. Qc2 Nf6 14. a3 Qe7 15. Rab1 Re8 16. Nd2 Be6 17. Rfe1 Nd7 18. b4 axb4 19. axb4 Rec8 20. Na4 b6 21. Rec1 Qd6 22. Nf3 h6 23. Qb3 Rab8 24. Qd1 Bf8 25. Qc2 Ra8 26. Kh1 Be7 27. Nc3 Kg7 28. Kg1 f5 29. Ne2 Bf7 30. Nf4 Bf6 31. g4 fxg4 32. hxg4 Nf8 33. Ra1 Rxa1 34. Rxa1 Qd7 35. Kh2 c5 36. bxc5 bxc5 37. Qe2 cxd4 38. Nxd4 Qd6 39. Ra6 Qb8 40. Nc6 Rxc6 41. Rxc6 g5 42. Kg1 gxf4 43. Bf5 Qe5 44. Qf3 fxe3 45. Qxe3 Qa1+ 46. Kh2 d4 47. Qf3 Qa5 48. Be4 Qe5+ 49. Kg1 Qe7 50. Rb6 Ne6 51. Qf5 Ng5 52. Bd5 Nh3+ 53. Kf1 Nf4 54. Be4 Bg6 55. Qxf4 Bxe4 56. Kg1 Bd5 57. Rb1 Qe4 58. Qxe4 Bxe4 59. Rd1 Bf3 60. Rd3 Be2 61. Ra3 d3 62. Ra7+ Kg6 63. Rd7 Bc3 64. Rd6+ Kg7 65. Rd7+ Kf8 1/2-1/2

[Event "Cracovia Festival-A 2023"]
[Site "Krakow"]
[Date "2024.01.03"]
[Round "8.37"]
[White "Bilczewski, Kacper"]
[Black "Janzelj, Tim"]
[Result "1-0"]
[ECO "C41"]
[WhiteElo "2125"]
[BlackElo "2441"]
[Annotator "RC"]
[PlyCount "117"]
[EventDate "2023.12.24"]
[EventType "swiss"]
[EventCountry "POL"]
[SourceTitle "playchess.com"]
[Source "ChessBase"]
[SourceQuality "1"]
[TimeControl "40/5400+30:1800+30"]

1. e4 d6 2. Nf3 Nf6 3. Nc3 e5 4. d4 Nbd7 5. g3 c6 6. Bg2 b5 7. O-O Be7 8. a3 O-O 9. h3 Bb7 10. Be3 a5 11. Nh4 Re8 12. Nf5 Bf8 13. g4 exd4 14. Qxd4 c5 15. Qd1 Qb6 16. Nd5 Qc6 17. Ng3 g6 18. g5 Nxd5 19. exd5 Qc7 20. Ne4 Re5 21. Qg4 Rf5 22. Rad1 Re8 23. Bf4 Bc8 24. Qg3 Ne5 25. Nf6+ Rxf6 26. gxf6 Qd8 27. Rfe1 Bf5 28. Bxe5 dxe5 29. Rxe5 Rxe5 30. Qxe5 Bd6 31. Qc3 b4 32. axb4 axb4 33. Qe3 Qxf6 34. c3 b3 35. Ra1 Kg7 36. Ra7 Bc2 37. Rb7 h5 38. Qf3 Bf4 39. d6 Qxd6 40. Qd5 Qf6 41. Qxc5 Bc1 42. Qd4 Bxb2 43. Bd5 Qxd4 44. cxd4 Bxd4 45. Bxf7 Kh6 46. Bxb3 Bf5 47. Rb4 Bf6 48. Kg2 Be7 49. Ra4 Kg7 50. Bd5 Bc5 51. f3 Bd7 52. Ra5 Be3 53. Be4 Bc8 54. Ra3 Bd4 55. Ra4 Bb6 56. Rc4 Bf5 57. Bxf5 gxf5 58. Rc6 Bd4 59. Kg3 1-0

[Event "Cracovia Festival-A 2023"]
[Site "Krakow"]
[Date "2024.01.03"]
[Round "8.38"]
[White "Luczak, Filip"]
[Black "Leskiewicz, Ignacy"]
[Result "0-1"]
[ECO "A45"]
[WhiteElo "2319"]
[BlackElo "2177"]
[Annotator "RC"]
[PlyCount "114"]
[EventDate "2023.12.24"]
[EventType "swiss"]
[EventCountry "POL"]
[SourceTitle "playchess.com"]
[Source "ChessBase"]
[SourceQuality "1"]
[TimeControl "40/5400+30:1800+30"]

1. d4 Nf6 2. Nc3 e6 3. Bf4 Bb4 4. e3 b6 5. Nge2 Bb7 6. a3 Be7 7. Ng3 d5 8. Nb5 Na6 9. Bd3 c6 10. Nc3 c5 11. Bb5+ Kf8 12. Nh5 Nc7 13. Bd3 c4 14. Be2 Nxh5 15. Bxh5 Bd6 16. O-O Bxf4 17. exf4 g6 18. Bf3 Qd6 19. Qd2 Kg7 20. g3 a5 21. h4 h5 22. Nd1 b5 23. Ne3 Ra7 24. Kg2 Rha8 25. g4 b4 26. gxh5 Qxf4 27. axb4 e5 28. Rad1 Ne6 29. Nxd5 Qxd2 30. Rxd2 Bxd5 31. Bxd5 Nf4+ 32. Kf3 Nxd5 33. dxe5 Nxb4 34. hxg6 fxg6 35. h5 Rf8+ 36. Ke4 g5 37. f4 gxf4 38. Rxf4 Rxf4+ 39. Kxf4 a4 40. h6+ Kxh6 41. Rd4 Rc7 42. c3 Nd3+ 43. Kf5 Kg7 44. Rg4+ Kf8 45. e6 Ke7 46. Rg7+ Kd6 47. Rg4 Nxb2 48. Kf6 a3 49. Rg8 Na4 50. Rd8+ Kc5 51. e7 Rxe7 52. Kxe7 Nxc3 53. Ke6 a2 54. Ra8 Kb4 55. Rb8+ Nb5 56. Ra8 Na3 57. Rb8+ Kc3 0-1

[Event "Cracovia Festival-A 2023"]
[Site "Krakow"]
[Date "2024.01.03"]
[Round "8.39"]
[White "Yezhel, Valiantsin"]
[Black "Manko, Mariia"]
[Result "1/2-1/2"]
[ECO "D00"]
[WhiteElo "2311"]
[BlackElo "2128"]
[Annotator "RC"]
[PlyCount "150"]
[EventDate "2023.12.24"]
[EventType "swiss"]
[EventCountry "POL"]
[SourceTitle "playchess.com"]
[Source "ChessBase"]
[SourceQuality "1"]
[TimeControl "40/5400+30:1800+30"]

1. d4 d5 2. Bf4 c5 3. e3 Nc6 4. Nf3 Nf6 5. Nbd2 Bf5 6. dxc5 Nh5 7. Bg5 h6 8. Bh4 g5 9. Nd4 Bg6 10. Be2 Nxd4 11. exd4 Nf6 12. Bg3 Nd7 13. c3 Bg7 14. Qb3 f5 15. Bd3 Kf7 16. f4 Nf6 17. fxg5 hxg5 18. Nf3 Nh5 19. Ne5+ Bxe5 20. Bxe5 Qd7 21. Bxh8 Rxh8 22. O-O-O Nf6 23. h3 Qc7 24. Rhf1 e6 25. c4 f4 26. cxd5 Nxd5 27. Rde1 Bxd3 28. Qxd3 b6 29. Qe4 Re8 30. Qc2 Kg7 31. cxb6 Qxb6 32. Qc5 Qa6 33. Kb1 Rh8 34. Rc1 Rb8 35. Rfe1 Rb6 36. Re5 Qd3+ 37. Ka1 Qd2 38. Qc2 Qxd4 39. Rxg5+ Kf8 40. Rh5 Ke7 41. Rh7+ Kf6 42. Rf7+ Kxf7 43. Qh7+ Qg7 44. Qh5+ Ke7 45. Rc2 Qd4 46. a3 Qd3 47. Qg5+ Kf7 48. Qh5+ Qg6 49. Qe2 Rb7 50. Rc8 Rc7 51. Rxc7+ Nxc7 52. Qf2 Qe4 53. Qxa7 Qe1+ 54. Ka2 Qe5 55. a4 Kf6 56. a5 Qd5+ 57. Kb1 Qd1+ 58. Ka2 Qa4+ 59. Kb1 Nd5 60. Qc5 Qe4+ 61. Ka2 Qxg2 62. a6 Qe4 63. a7 Qa4+ 64. Kb1 Ne7 65. b4 f3 66. Qc3+ Kg6 67. Qc2+ Qxc2+ 68. Kxc2 f2 69. a8=Q f1=Q 70. Qe8+ Qf7 71. Qxf7+ Kxf7 72. Kd3 e5 73. Kc4 Ke6 74. h4 Kf5 75. h5 e4 1/2-1/2

[Event "Cracovia Festival-A 2023"]
[Site "Krakow"]
[Date "2024.01.03"]
[Round "8.40"]
[White "Meurs, Tom"]
[Black "Kaim, Piotr"]
[Result "1-0"]
[ECO "B76"]
[WhiteElo "2290"]
[BlackElo "2127"]
[Annotator "ChessBase"]
[PlyCount "73"]
[EventDate "2023.12.24"]
[EventType "swiss"]
[EventCountry "POL"]
[SourceTitle "playchess.com"]
[Source "ChessBase"]
[SourceQuality "1"]
[TimeControl "40/5400+30:1800+30"]

1. e4 c5 2. Nf3 d6 3. d4 cxd4 4. Nxd4 Nf6 5. Nc3 g6 6. Be3 Bg7 7. f3 Nc6 8. Qd2 O-O 9. O-O-O d5 10. exd5 Nxd5 11. Nxc6 bxc6 12. Bd4 Bxd4 13. Qxd4 Qb6 14. Na4 Qc7 15. Bc4 Nb6 16. Bb3 Bf5 17. Rde1 Nxa4 18. Qxa4 Rad8 19. g4 Bc8 20. Qe4 Rd7 21. h4 c5 22. h5 g5 23. h6 Qf4+ 24. Qxf4 gxf4 25. Re4 Bb7 26. Rxf4 e6 27. Rh5 Rd4 28. Rxd4 cxd4 29. f4 Rd8 30. Rg5+ Kf8 31. Rg7 Be4 32. f5 d3 33. cxd3 Rxd3 34. fxe6 fxe6 35. Bc2 Rd4 36. Bxe4 Rxe4 37. Rxh7 1-0

[Event "Cracovia Festival-A 2023"]
[Site "Krakow"]
[Date "2024.01.03"]
[Round "8.41"]
[White "Marszalek, Maciej"]
[Black "Pacuszka, Tomasz"]
[Result "1/2-1/2"]
[ECO "E06"]
[WhiteElo "2269"]
[BlackElo "2124"]
[Annotator "RC"]
[PlyCount "28"]
[EventDate "2023.12.24"]
[EventType "swiss"]
[EventCountry "POL"]
[SourceTitle "playchess.com"]
[Source "ChessBase"]
[SourceQuality "1"]
[TimeControl "40/5400+30:1800+30"]

1. d4 d5 2. c4 e6 3. Nf3 Nf6 4. g3 Be7 5. Bg2 O-O 6. O-O c6 7. Nbd2 b6 8. Qc2 Bb7 9. e4 Na6 10. a3 c5 11. exd5 exd5 12. dxc5 Nxc5 13. b4 Ne6 14. Bb2 dxc4 1/2-1/2

[Event "Cracovia Festival-A 2023"]
[Site "Krakow"]
[Date "2024.01.03"]
[Round "8.42"]
[White "Gaurav Rajesh Zagade"]
[Black "Fishchuk, Vladyslav"]
[Result "1-0"]
[ECO "D35"]
[WhiteElo "2126"]
[BlackElo "2198"]
[Annotator "RC"]
[PlyCount "53"]
[EventDate "2023.12.24"]
[EventType "swiss"]
[EventCountry "POL"]
[SourceTitle "playchess.com"]
[Source "ChessBase"]
[SourceQuality "1"]
[TimeControl "40/5400+30:1800+30"]

1. d4 d5 2. c4 e6 3. Nc3 Nf6 4. cxd5 exd5 5. Bg5 Bb4 6. e3 h6 7. Bh4 g5 8. Bg3 Ne4 9. a3 Bxc3+ 10. bxc3 Bf5 11. Qb3 c5 12. Qxb7 O-O 13. Bc7 Qd7 14. Bb5 Qc8 15. Qxa8 Qxc7 16. Qxd5 Qa5 17. Ne2 Nxc3 18. Qxf5 Ne4+ 19. Kf1 Nd2+ 20. Kg1 Qxb5 21. Ng3 Qb2 22. Rd1 c4 23. Nh5 Nd7 24. Qxd7 Ne4 25. Rf1 c3 26. Qc6 c2 27. Qxh6 1-0

[Event "Cracovia Festival-A 2023"]
[Site "Krakow"]
[Date "2024.01.03"]
[Round "8.43"]
[White "Gbiorczyk, Mikolaj"]
[Black "Mirski, Stanislaw"]
[Result "1/2-1/2"]
[ECO "B42"]
[WhiteElo "2137"]
[BlackElo "2187"]
[Annotator "RC"]
[PlyCount "156"]
[EventDate "2023.12.24"]
[EventType "swiss"]
[EventCountry "POL"]
[SourceTitle "playchess.com"]
[Source "ChessBase"]
[SourceQuality "1"]
[TimeControl "40/5400+30:1800+30"]

1. e4 c5 2. Nf3 e6 3. d4 cxd4 4. Nxd4 a6 5. Bd3 Bc5 6. Nb3 Ba7 7. Qe2 Nc6 8. Be3 Qc7 9. Nc3 Nf6 10. O-O-O b5 11. Kb1 Ne5 12. Bxa7 Qxa7 13. f4 Nxd3 14. Qxd3 O-O 15. f5 exf5 16. e5 Ng4 17. Nd5 Re8 18. Qg3 Bb7 19. h3 Qf2 20. Qc3 Rac8 21. Nc7 b4 22. Qxb4 Rxc7 23. hxg4 Rxc2 24. Nd4 Be4 25. Ka1 Rcc8 26. Rd2 Qg3 27. Nxf5 Bxf5 28. gxf5 Rxe5 29. Rxd7 Qxg2 30. Rhd1 h5 31. f6 Qe4 32. Qd2 gxf6 33. a3 Qe3 34. Qg2+ Rg5 35. Qf1 Kg7 36. Re1 Qc5 37. Qxa6 Rg1 38. Rxg1+ Qxg1+ 39. Ka2 Rc1 40. Qb7 Ra1+ 41. Kb3 Qe3+ 42. Ka4 Qe6 43. b4 Rg1 44. Re7 Qc4 45. Rc7 Qe6 46. Re7 Qa2 47. Qc7 h4 48. Re3 Qd5 49. Rc3 Rg5 50. Rc5 Qa8+ 51. Kb3 h3 52. Rxg5+ fxg5 53. b5 Qd5+ 54. Ka4 Qd4+ 55. Ka5 Qd2+ 56. Ka6 h2 57. Qe5+ f6 58. Qe7+ Kg6 59. Qe4+ f5 60. Qe8+ Kf6 61. Qh8+ Ke7 62. Qe5+ Kd8 63. Qh8+ Kd7 64. Qg7+ Ke6 65. Qg8+ Ke5 66. Qh8+ Kf4 67. b6 Qd3+ 68. Ka7 Qxa3+ 69. Kb8 Qd6+ 70. Ka7 Kg3 71. b7 Qc5+ 72. Ka6 Qc6+ 73. Ka7 h1=Q 74. b8=Q+ f4 75. Qb3+ Qhf3 76. Qhb8 Qxb3 77. Qxf4+ Kh3 78. Qg3+ Kxg3 1/2-1/2

[Event "Cracovia Festival-A 2023"]
[Site "Krakow"]
[Date "2024.01.03"]
[Round "8.44"]
[White "Katsanis, Vasileios Dim"]
[Black "Kovalevsky, Stanislav"]
[Result "1/2-1/2"]
[ECO "E32"]
[WhiteElo "2133"]
[BlackElo "2163"]
[Annotator "RC"]
[PlyCount "133"]
[EventDate "2023.12.24"]
[EventType "swiss"]
[EventCountry "POL"]
[SourceTitle "playchess.com"]
[Source "ChessBase"]
[SourceQuality "1"]
[TimeControl "40/5400+30:1800+30"]

1. d4 Nf6 2. c4 e6 3. Nc3 Bb4 4. Qc2 O-O 5. a3 Bxc3+ 6. Qxc3 b6 7. Bg5 h6 8. Bh4 Bb7 9. e3 d6 10. f3 Nbd7 11. Bd3 c5 12. Ne2 cxd4 13. Qxd4 Nc5 14. Bc2 e5 15. Qc3 Rc8 16. Rc1 Ba6 17. Qb4 Qe7 18. e4 g5 19. Bf2 Nh5 20. O-O Nf4 21. Nxf4 gxf4 22. Qc3 Ne6 23. Bd3 Rc6 24. Qd2 Rfc8 25. b3 Kh8 26. Rc3 b5 27. Rfc1 Qc7 28. R3c2 bxc4 29. Bxc4 Qb7 30. Bxa6 Rxc2 31. Rxc2 Rxc2 32. Qxc2 Qxa6 33. a4 Qb7 34. Qc4 Kg7 35. h4 a6 36. b4 Nc7 37. Kh2 h5 38. Qc3 Kf6 39. Qc4 Ke7 40. g3 fxg3+ 41. Kxg3 Ke8 42. Be3 Ke7 43. Bg5+ Ke8 44. Kf2 Qb6+ 45. Be3 Qb7 46. Qc3 Kd7 47. Qc4 Ke8 48. a5 Nb5 49. Bb6 Kf8 50. Qc1 Ke8 51. Qg5 Nc7 52. Qxh5 Ne6 53. Qh6 Qc6 54. Qd2 Nf4 55. Be3 Qc4 56. Bxf4 exf4 57. Qxd6 Qc2+ 58. Kg1 Qc1+ 59. Kg2 Qc2+ 60. Kf1 Qc1+ 61. Ke2 Qe3+ 62. Kd1 Qxf3+ 63. Kd2 Qe3+ 64. Kd1 Qb3+ 65. Kd2 Qe3+ 66. Kd1 Qc3 67. Qd2 1/2-1/2

[Event "Cracovia Festival-A 2023"]
[Site "Krakow"]
[Date "2024.01.03"]
[Round "8.45"]
[White "Flak, Pawel"]
[Black "Zalega, Maciej"]
[Result "1/2-1/2"]
[ECO "A80"]
[WhiteElo "2145"]
[BlackElo "2113"]
[Annotator "NA RC"]
[PlyCount "74"]
[EventDate "2023.12.24"]
[EventType "swiss"]
[EventCountry "POL"]
[SourceTitle "playchess.com"]
[Source "ChessBase"]
[SourceQuality "1"]
[TimeControl "40/5400+30:1800+30"]

1. d4 f5 2. h3 d5 3. g4 fxg4 4. hxg4 Bxg4 5. Qd3 Qd7 6. Rxh7 Rxh7 7. Qg6+ Kd8 8. Qxh7 Nf6 9. Qh4 Nc6 10. c3 e5 11. Bg5 Qe6 12. Bh3 Bxh3 13. dxe5 Nxe5 14. Qxh3 Kd7 15. Nd2 Bc5 16. Qxe6+ Kxe6 17. Bxf6 gxf6 18. Nb3 Bb6 19. Nd4+ Bxd4 20. cxd4 Rg8 21. Kf1 Nc6 22. e3 Kf5 23. Rc1 Rg7 24. Ke2 Nd8 25. Nf3 Rh7 26. Rg1 Ne6 27. Rg8 a5 28. Rg1 Ng5 29. Ne1 c6 30. Rg2 Rh1 31. Nd3 Ra1 32. a3 Rh1 33. Ne1 Ke6 34. Nd3 b6 35. Rg4 Kf5 36. Rf4+ Ke6 37. Rg4 Rh2 1/2-1/2

[Event "Cracovia Festival-A 2023"]
[Site "Krakow"]
[Date "2024.01.04"]
[Round "9.1"]
[White "Keinanen, Toivo"]
[Black "Gumularz, Szymon"]
[Result "1/2-1/2"]
[ECO "E01"]
[WhiteElo "2522"]
[BlackElo "2576"]
[Annotator "TA"]
[PlyCount "240"]
[EventDate "2023.12.24"]
[EventType "swiss"]
[EventCountry "POL"]
[SourceTitle "playchess.com"]
[Source "ChessBase"]
[SourceQuality "1"]
[TimeControl "40/5400+30:1800+30"]

1. d4 Nf6 2. c4 e6 3. g3 d5 4. Bg2 Bb4+ 5. Bd2 Be7 6. Nf3 O-O 7. O-O c6 8. Qc2 Nbd7 9. Rd1 a5 10. Bf4 h6 11. Ne5 a4 12. Nc3 a3 13. b3 g5 14. Nxd7 Nxd7 15. Be3 f5 16. f3 Nf6 17. Bf2 Qe8 18. h3 f4 19. g4 b5 20. c5 Nd7 21. e4 fxe3 22. Bxe3 e5 23. Ne2 exd4 24. Bxd4 Bf6 25. Re1 Ne5 26. Kh1 Qg6 27. Qxg6+ Nxg6 28. Bxf6 Rxf6 29. Nd4 Bd7 30. Re3 Rf4 31. Rd1 Re8 32. Rxe8+ Bxe8 33. Nc2 (33. Bf1 $15) 33... b4 (33... Ne5 $17 34. Nd4 Bg6) 34. Kg1 $15 Ne5 35. Nd4 Bg6 36. Kf2 Rf6 37. Ke3 Kf7 38. Bf1 Ke7 39. Be2 Kd7 40. Rh1 Rf8 41. h4 Re8 42. Kd2 Ra8 43. Ke3 Rf8 44. h5 Bh7 45. Rf1 Rf4 46. Rd1 Kc8 47. Ba6+ Kb8 48. Be2 Kb7 49. Rg1 Rf8 50. Rc1 Re8 51. Kd2 $1 Kc7 52. Rf1 Kd7 53. Rc1 Rf8 54. Ke3 Rf4 55. Rg1 Nf7 56. Re1 Nd8 57. Bd3 Bxd3 58. Kxd3 Rf6 59. Nf5 Ne6 60. Kc2 (60. Kd2 $11 {should be considered.}) 60... Kd8 61. Kd3 Ke8 (61... Nf4+ $1 $15 62. Kd4 Nxh5) 62. Kc2 Kf8 63. Rd1 (63. Kd3 $11) 63... Nxc5 $15 64. Rd4 {[%emt 0:00:05] [#]} Re6 ({Black should play} 64... Na6 $1 $17) 65. Rxb4 $11 Re2+ 66. Kc3 $1 Rxa2 67. Rb8+ $1 Kf7 68. Ra8 Ra1 69. Nxh6+ Ke6 70. Nf5 Rc1+ 71. Kd2 ({Wrong is} 71. Kb4 $2 Nd3+ 72. Ka5 a2 73. Nd4+ Kd6 $19) 71... Nxb3+ 72. Kd3 c5 73. h6 c4+ 74. Ke3 Rh1 75. Rxa3 Ke5 76. Ra8 d4+ 77. Nxd4 $1 Nxd4 (77... Rxh6 $1 $11 {deserves consideration.} 78. Re8+ Kd6) 78. Ra5+ $14 Kf6 $1 79. Kxd4 Kg6 80. Ra6+ Kh7 81. Kxc4 (81. Ke5 $14) 81... Rd1 $11 82. Rf6 Rd2 83. Kc5 Rd1 84. Kc6 Rd3 85. Kc7 Rd1 86. Kc8 Rd3 87. Kc7 Rd1 88. Kc6 Rd3 89. Kc5 Rd1 90. Kc4 Rd2 91. Kc3 Rd1 92. Kc2 Rd8 93. Re6 Rf8 94. Re3 Kxh6 95. Kd3 Rd8+ 96. Ke2 Rd6 97. Re8 Ra6 98. Ke3 Kg6 99. Rg8+ Kf6 100. Rd8 Kg6 101. Rd5 Re6+ 102. Kd4 Rf6 103. Ke4 Re6+ 104. Re5 Ra6 (104... Kf6 $5 105. Rxe6+ Kxe6 $11) 105. Rc5 Re6+ 106. Kd4 Rf6 107. Rc3 Rf4+ 108. Ke3 Rf6 109. Ke4 Rf4+ 110. Ke3 Rf6 111. Rc4 Re6+ 112. Re4 Ra6 113. Kd4 Rd6+ 114. Ke5 Rd3 115. f4 gxf4 116. Kxf4 Rd6 117. Ke5 Ra6 118. Rd4 Kg5 119. Rd6 Rxd6 120. Kxd6 Kxg4 1/2-1/2

[Event "Cracovia Festival-A 2023"]
[Site "Krakow"]
[Date "2024.01.04"]
[Round "9.2"]
[White "Pacan-Milej, Kosma"]
[Black "Akbas, Umut Ata"]
[Result "1-0"]
[ECO "E44"]
[WhiteElo "2425"]
[BlackElo "2446"]
[Annotator "RC"]
[PlyCount "67"]
[EventDate "2023.12.24"]
[EventType "swiss"]
[EventCountry "POL"]
[SourceTitle "playchess.com"]
[Source "ChessBase"]
[SourceQuality "1"]
[TimeControl "40/5400+30:1800+30"]

1. d4 Nf6 2. c4 e6 3. Nc3 Bb4 4. e3 b6 5. Nge2 c5 6. a3 Ba5 7. Rb1 Na6 8. g3 Ne4 9. Bg2 Bb7 10. d5 Bxc3+ 11. Nxc3 Nxc3 12. bxc3 e5 13. O-O O-O 14. f4 exf4 15. Rxf4 d6 16. Qh5 g6 17. Qh6 f6 18. e4 Rf7 19. g4 Qe7 20. g5 Raf8 21. gxf6 Rxf6 22. Rxf6 Qxf6 23. Bd2 Nb8 24. Rf1 Qe7 25. Bh3 Rxf1+ 26. Kxf1 Qf8+ 27. Qf4 h6 28. Be6+ Kg7 29. Ke1 g5 30. Qg3 Ba6 31. Bxg5 hxg5 32. Qxg5+ Kh8 33. Bf5 Bc8 34. Qh5+ 1-0